 Dungeon Crawl Stone Soup version 0.26-a0-537-g96b2eae49b (webtiles) character file.

Game seed: 10602734056383621971

45 ANON1729 the Sneak (level 3, -1/22 HPs)
             Began as a Kobold Brigand on Aug 14, 2020.
             Slain by a gnoll
             ... wielding a +0 vampiric halberd
              (7 damage)
             ... on level 2 of the Dungeon.
             The game lasted 00:00:57 (783 turns).

ANON1729 the Sneak (Kobold Brigand)                  Turns: 783, Time: 00:00:57

Health: -1/22      AC:  3    Str:  8    XL:     3   Next: 90%
Magic:  3/3        EV: 15    Int: 13    God:
Gold:   14         SH:  0    Dex: 16    Spells: 2/2 levels left

rFire    . . .     SeeInvis .   a - +2 dagger
rCold    . . .     Faith    .   (shield restricted)
rNeg     . . .     Spirit   .   b - +0 robe
rPois    .         Reflect  .   (no helmet)
rElec    .         Harm     .   c - +0 cloak
rCorr    .                      (no gloves)
MR       .....                  (no boots)
Stlth    ++++......             (no amulet)
HPRegen  0.07/turn              (no ring)
MPRegen  0.08/turn              (no ring)

@: no status effects
A: small, nightstalker 3
a: no special abilities


You were on level 2 of the Dungeon.
You visited 1 branch of the dungeon, and saw 2 of its levels.

You collected 14 gold pieces.

Inventory:

Hand Weapons
 a - a +2 dagger (weapon)
Missiles
 d - 8 poisoned darts (quivered)
 e - 2 curare-tipped darts
Armour
 b - a +0 robe (worn)
 c - a +0 cloak (worn)
Scrolls
 g - a scroll of random uselessness {unknown}
 h - a scroll of magic mapping {unknown}
 i - a scroll of immolation {unknown}
 k - a scroll of identify {unknown}
 l - a scroll of teleportation {unknown}
 m - a scroll of remove curse {unknown}
Potions
 f - 2 potions of resistance {unknown}
 j - a potion of flight {unknown}


   Skills:
 + Level 2.6 Fighting
 * Level 3.5 Short Blades
 - Level 2.3 Throwing
 + Level 2.0 Dodging
 * Level 5.9 Stealth


You had 2 spell levels left.
You didn't know any spells.
Your spell library was empty.

Dungeon Overview and Level Annotations

Branches:
Dungeon (2/15)

Altars:


Innate Abilities, Weirdness & Mutations

You are small and have problems with some larger weapons.
You are completely attuned to the shadows.


Message History

The gnoll is severely wounded.
The gnoll barely misses you. The gnoll closely misses you.
You hit the gnoll.
The gnoll is severely wounded.
The gnoll barely misses you.
You barely miss the gnoll.
The gnoll is severely wounded.
The gnoll hits you from afar with a +0 vampiric halberd.
You hit the gnoll.
You kill the gnoll!
Your Dodging skill increases to level 2!
The gnoll closely misses you.
The gnoll hits you with a +0 vampiric halberd!
* * * LOW HITPOINT WARNING * * *
You are too injured to fight recklessly!
The gnoll misses you.
You see here a +0 club.
There is a stone staircase leading up here.
The gnoll hits you from afar with a +0 vampiric halberd!
You die...

#.....########.##........##
#......#...........#.#....##
#.#....#...........#......##
.......#....................
#.....#.>.............#..#.
#.....#...).......#...#....
#..####...g...........#..#.
##...##...........#...#..#.
###..####@..###..#...#..#.
##.<#...#.#.............
##.....#...####........
#...###....## #.#.#....
...### ##... #.#.#.... .##
#..# ........) .......
###.... #....


You could see a gnoll.

Vanquished Creatures
  A gnoll (D:2)
  An adder (D:2)
  2 oozes
  A leopard gecko (D:2)
  2 bats
  2 giant cockroaches
  A goblin (D:2)
  2 hobgoblins (D:2)
  2 kobolds
  4 frilled lizards
18 creatures vanquished.

Notes
Turn   | Place    | Note
-------+----------+-------------------------------------------
     0 | D:1      | ANON1729 the Kobold Brigand began the quest for the Orb.
     0 | D:1      | Reached XP level 1. HP: 12/12 MP: 1/1
    52 | D:1      | Reached XP level 2. HP: 18/18 MP: 2/2
   136 | D:1      | You fall into a shaft and drop 1 floor!
   231 | D:2      | Reached XP level 3. HP: 16/22 MP: 3/3
   783 | D:2      | Slain by a gnoll

Illustrated notes

Levels and vault maps discovered:
D:1:      dpeg_arrival_rhombus, layout_loops_ring
D:2:      layout_rooms

Skill      XL: |  1  2  3 |
---------------+----------+-----
Short Blades   | 3 |  3.5
Dodging        | 2 |  2.0
Fighting       | |  2.6
Throwing       | |  2.3
Stealth        | |  5.9

Action                   || total
-------------------------++-------
Melee: Dagger            ||    51
 Stab: Sleeping          ||    10
Armor: Robe              ||     6
Dodge: Dodged            ||    39

Table legend: (Time is in decaauts)
 A = Elapsed time spent in this place.
 B = Non-inter-level travel time spent in this place.
 C = Inter-level travel time spent in this place.
 D = Time resting spent in this place.
 E = Time spent auto-exploring this place.
 F = Levels seen in this place.
 G = Mean time per level.
                   A        B        C        D        E       F      G
               +--------+--------+--------+--------+--------+-----+--------+
         Total |    774 |    774 |      0 |    323 |    318 |   2 |  387.0 |
       Dungeon |    774 |    774 |      0 |    323 |    318 |   2 |  387.0 |
               +--------+--------+--------+--------+--------+-----+--------+

Top non-repeatable levels by time:
     D:2: 639 daAuts
     D:1: 135 daAuts
